 Dungeon Crawl Stone Soup version 0.22-a0-614-g34fbaa0 (webtiles) character file.

33 zishaf the Firebug (level 3, 0/24 HPs)
             Began as a Barachi Fire Elementalist on July 20, 2018.
             Slain by a kobold
             ... wielding a +0 short sword
              (4 damage)
             ... on level 1 of the Dungeon.
             The game lasted 00:03:59 (956 turns).

zishaf the Firebug (Barachi Fire Elementalist)       Turns: 956, Time: 00:04:00

Health: 0/24       AC:  2    Str:  9    XL:     3   Next: 29%
Magic:  0/7        EV: 12    Int: 16    God:
Gold:   28         SH:  0    Dex: 12    Spells: 4/7 levels left

rFire    . . .     SeeInvis .   i - +0 dagger
rCold    . . .     Gourm    .   (no shield)
rNeg     . . .     Faith    .   a - +0 robe
rPois    .         Spirit   .   (no helmet)
rElec    .         Reflect  .   (no cloak)
rCorr    .         Harm     .   (no gloves)
MR       .....                  (no boots)
Stlth    ++........             (no amulet)
HPRegen  0.08/turn              b - ring of wizardry
MPRegen  0.10/turn              (no ring)

@: can't hop, slow
A: +LOS, swims, slowness 1, strong legs 1
a: Hop


You were on level 1 of the Dungeon.
You were not hungry.

You visited 1 branch of the dungeon, and saw 1 of its levels.

You collected 28 gold pieces.

Inventory:

Hand Weapons
 i - a +0 dagger (weapon)
Armour
 a - a +0 robe (worn)
Jewellery
 b - a ring of wizardry (left hand)
Scrolls
 d - a scroll of immolation {unknown}
 g - a scroll of random uselessness {unknown}
Potions
 e - a potion of lignification {unknown}
 f - a potion of might {unknown}
Comestibles
 c - a ration
 h - a chunk of flesh


   Skills:
 - Level 2.1 Dodging
 - Level 2.0 Stealth
 + Level 2.8 Spellcasting
 + Level 2.0 Conjurations
 + Level 3.8 Fire Magic


You had 4 spell levels left.
You knew the following spells:

 Your Spells              Type           Power        Failure   Level  Hunger
a - Flame Tongue          Conj/Fire      ##...        2%          1    #......
b - Throw Flame           Conj/Fire      ##....       3%          2    ##.....

Your spell library contained the following spells:

 Spells                   Type           Power        Failure   Level  Hunger
 Fireball                 Conj/Fire      ##........   52%         5    ######.
 Conjure Flame            Conj/Fire      ##......     7%          3    ###....
 Sticky Flame             Conj/Fire      ##......     22%         4    #####..
 Inner Flame              Hex/Fire       #.......     11%         3    ###....


Dungeon Overview and Level Annotations

Branches:
Dungeon (1/15)

Altars:


Innate Abilities, Weirdness & Mutations

Shadows flee at your approach. (+LOS)
You can swim through water.
You cover ground slowly.
You can hop short distances.


Message History

The kobold hits you but does no damage. The kobold hits you with a short sword.
* * * LOW HITPOINT WARNING * * *
Okay, then.
You see here a robe.
Okay, then.
The kobold hits you with a short sword.
* * * LOW HITPOINT WARNING * * *
Casting: Flame Tongue (safe; 2% risk of failure)
Confirm with . or Enter, or press ? or * to list all spells.
Aiming: Flame Tongue (safe; 2% risk of failure)
Press: ? - help, Shift-Dir - straight line, f/p - kobold
Aim: a kobold, wielding a short sword The flame tongue misses the kobold.
The kobold hits you but does no damage.
Okay, then.
The kobold hits you but does no damage.
Okay, then.
Okay, then.
The kobold hits you with a short sword.
You die...

#.# #####.##### ######.# ##'##
#.........# #.......
##)..###.###.###.# #.###..#
##.....##.# #.###.# #.###.##
##.......#.# #...#.# #.##..#
#.........>###...#.#######.#...##
.................................
...........###..K#.########....##
.#.......#......@..# #.#.##
.##.....########.### #.###
.###...## #.### #.# .# ##'##
#...# #.# .# #.# ###.#
#####.##### .####.### #.#
#.........# ........# #.#
#.###.#.... .###....# #.# #.#
#.#.#.# .##.[...# #.# #.# #.#.#.#


You could see a kobold.

Vanquished Creatures
  An ooze (D:1)
  2 leopard geckos (D:1)
  4 bats (D:1)
  A giant cockroach (D:1)
  3 goblins (D:1)
  4 jackals (D:1)
  8 kobolds (D:1)
  3 rats (D:1)
26 creatures vanquished.

Notes
Turn   | Place    | Note
-------+----------+-------------------------------------------
     0 | D:1      | zishaf the Barachi Fire Elementalist began the quest for the Orb.
     0 | D:1      | Reached XP level 1. HP: 13/13 MP: 3/3
   149 | D:1      | Reached XP level 2. HP: 17/19 MP: 0/5
   184 | D:1      | Learned a level 2 spell: Throw Flame
   731 | D:1      | Reached XP level 3. HP: 24/24 MP: 1/7
   956 | D:1      | Slain by a kobold

Vault maps used:
D:1:      evilmike_arrival_crescent, serial_park_tiny_2

Skill      XL: |  1  2  3 |
---------------+----------+-----
Stealth        | 2 |  2.0
Conjurations   | 2 |  2.0
Dodging        | |  2.1
Spellcasting   | |  2.8
Fire Magic     | |  3.8

Action                   || total
-------------------------++-------
Melee: Unarmed           ||     8
       Dagger            ||     3
 Cast: Flame Tongue      ||    42
       Throw Flame       ||     1
 Abil: Hop               ||     1
  Eat: Chunk             ||     1
Armor: Robe              ||     7
Dodge: Dodged            ||    18

Table legend:
 A = Spawn XP
 B = Non-spawn XP
 C = Spawn XP percentage of total XP
 D = Spawn monster count
 E = Non-spawn monster count
 F = Spawn count percentage of total count
 G = Total turns spent on level
                    A         B        C        D         E        F      G
               +---------+---------+-------+---------+---------+-------+---------
         Total |       0 |      48 |   0.0 |       0 |      26 |   0.0 |   956
               +---------+---------+-------+---------+---------+-------+---------
           D:1 |       0 |      48 |   0.0 |       0 |      26 |   0.0 |   956
               +---------+---------+-------+---------+---------+-------+---------
